Nordiques vs Canucks

Created - 15 janvier 2021 at 12:06

Goals
1 2 3 OT1 T
Nordiques 1 0 1 1 3
Canucks 0 1 1 0 2
Shots
1 2 3 OT1 T
Nordiques 5 6 15 1 27
Canucks 11 15 8 0 34

1st period

1. Nordiques , Hudson Fasching 4 (Joel Farabee 9, Joel L'Esperance 7) at 11:25

Penalties :
David Backes (QUE) for Roughing (Double Minor) at 3:18, David Backes (QUE) for Hooking (Minor) at 13:51

2nd period

2. Canucks , Blake Wheeler 10 (Alex Killorn 9, Mika Zibanejad 19) at 7:13 (PP)

Penalties :
Joel Farabee (QUE) for Tripping (Minor) at 6:55, Ryan Getzlaf (VAN) for Fighting (Major) at 13:07, Justin Abdelkader (QUE) for Fighting (Major) at 13:07

3rd period

3. Nordiques , Brandon Dubinsky 11 (Justin Abdelkader 9, Kirby Dach 14) at 7:44
4. Canucks , Alex Killorn 11 (Mika Zibanejad 20, Blake Wheeler 13) at 19:25

Penalties :
No Penalty

Overtime #1

5. Nordiques , Brandon Dubinsky 12 (Brent Seabrook 8, Dan Vladar) at 0:48

Penalties :
No Penalty

Goalie Stats

Dan Vladar (QUE), 32 saves from 34 shots - (0,941), W, 10-7-2, 60:48 minutes
Ben Bishop (VAN), 24 saves from 27 shots - (0,889), OTL, 7-8-7, 60:24 minutes

Players Stats for Nordiques

Player Name              G  A  P  +/- PIM S  H  SB GA TA FO     MP     PP MP  PK MP  
------------------------------------------------------------------------------------
Alexander Wennberg       0  0  0   0  0   0  2  0  1  1  0/0    17:10   0:00   2:23 
Brandon Dubinsky         2  0  2   1  0   2  1  0  0  0  7/11   15:56   0:00   2:52 
Brent Seabrook           0  1  1   0  0   1  1  5  0  1  0/0    21:26   0:00   0:45 
Cole Schneider           0  0  0   0  0   3  2  0  0  1  0/0    14:25   0:00   0:41 
David Backes             0  0  0   0  6   1  1  0  0  0  0/0    13:42   0:00   0:00 
Hudson Fasching          1  0  1   1  0   3  1  0  0  0  0/0    13:10   0:00   0:00 
Joel Farabee             0  1  1   1  2   5  1  0  1  0  0/1    14:25   0:00   0:47 
Joel L'Esperance         0  1  1   1  0   3  1  0  0  0  5/12   13:10   0:00   0:00 
Justin Abdelkader        0  1  1   1  5   0  0  0  0  0  1/1    13:56   0:00   2:52 
Justin Holl              0  0  0   2  0   0  3  3  0  2  0/0    19:58   0:00   2:39 
Kirby Dach               0  1  1   1  0   2  0  0  0  0  0/0    13:04   0:00   0:20 
Mathieu Perreault        0  0  0   0  0   0  0  0  2  0  8/18   14:19   0:00   0:14 
Philippe Myers           0  0  0   0  0   2  0  1  0  2  0/0    19:24   0:00   2:52 
Ryan Lindgren            0  0  0   0  0   1  1  0  0  0  0/0    19:24   0:00   2:52 
Sebastian Aho            0  0  0   0  0   2  2  1  1  1  6/13   17:10   0:00   2:23 
Shayne Gostisbehere      0  0  0   2  0   0  0  2  0  0  0/0    19:58   0:00   2:39 
Travis Sanheim           0  0  0  -1  0   1  1  1  0  0  0/0    20:38   0:00   0:45 
Tyler Johnson            0  0  0  -1  0   1  0  0  1  1  0/0    14:49   0:00   0:00 

Players Stats for Canucks

Player Name              G  A  P  +/- PIM S  H  SB GA TA FO     MP     PP MP  PK MP  
------------------------------------------------------------------------------------
Alex Killorn             1  1  2   0  0   2  1  0  2  0  0/0    23:44   3:02   0:00 
Alex Tuch                0  0  0  -1  0   3  0  0  1  0  0/1    12:27   0:35   0:00 
Blake Wheeler            1  1  2  -1  0   6  0  0  1  0  1/2    23:51   3:03   0:00 
Charlie McAvoy           0  0  0   0  0   0  1  4  0  0  0/0    19:19   2:34   0:00 
Darnell Nurse            0  0  0  -1  0   2  3  1  1  0  0/0    28:15   3:05   0:00 
Denis Gurianov           0  0  0   0  0   4  2  0  1  0  0/0     8:33   1:02   0:00 
Dominik Kubalik          0  0  0  -1  0   3  1  0  1  0  1/2    15:00   2:19   0:00 
Erik Cernak              0  0  0   0  0   0  3  2  0  2  0/0    19:19   2:34   0:00 
Erik Johnson             0  0  0  -2  0   1  2  0  0  1  0/0    27:39   3:05   0:00 
Gustav Nyquist           0  0  0   0  0   3  2  0  1  0  0/1    16:25   2:21   0:00 
Jason Dickinson          0  0  0  -1  0   1  1  0  0  0  4/7    12:54   0:59   0:00 
Jordan Martinook         0  0  0   0  0   0  0  0  0  0  0/0     7:50   0:05   0:00 
Matt Calvert             0  0  0   0  0   0  1  1  0  1  0/1    14:04   0:00   0:00 
Matt Grzelcyk            0  0  0   0  0   0  1  1  0  1  0/0    13:08   0:37   0:00 
Mika Zibanejad           0  2  2  -1  0   5  3  1  1  0  16/29  23:49   3:01   0:00 
Pierre Engvall           0  0  0   0  0   1  0  0  0  0  1/1     7:41   0:00   0:00 
Quinn Hughes             0  0  0   0  0   2  0  0  0  0  0/0    13:08   0:37   0:00 
Ryan Getzlaf             0  0  0   0  5   1  0  0  0  1  6/12   15:17   2:21   0:00 

3 Stars

1 - Brandon Dubinsky (QUE)
2 - Alex Killorn (VAN)
3 - Dan Vladar (QUE)

Power Play

Nordiques - 0 on 0 Attempt(s) - 0,00%
Canucks - 1 on 4 Attempt(s) - 25,00%

Penalty Kill

Nordiques - 3 on 4 Attempt(s) - 75,00% - Score 0 goal in Penalty Kill
Canucks - 0 on 0 Attempt(s) - 0,00% - Score 0 goal in Penalty Kill

Team Stat

Nordiques - Hits : 17 - Faceoff Wins : 27 - Blocked Shots : 13 - Penalty Minutes : 13
Canucks - Hits : 21 - Faceoff Wins : 29 - Blocked Shots : 10 - Penalty Minutes : 5

Official

Referees : Kenny Anderson and Jean Hebert
Linesman : Luke Murray and Brian Murphy

Game Notes

Justin Abdelkader beats up Ryan Getzlaf at 13:07 of 2nd period

Finance

Level 1 -- Attendance: 5273 (87,88%) -- Ticket Income 500 935 $
Level 2 -- Attendance: 4903 (98,06%) -- Ticket Income 269 665 $
Level 3 -- Attendance: 1846 (92,30%) -- Ticket Income 55 380 $
Level 4 -- Attendance: 3575 (89,38%) -- Ticket Income 71 500 $
Luxury Box -- Attendance: 883 (88,30%) -- Ticket Income 154 525 $
Game was played at the Green men Ice Stadium.
Total Attendance: 16480 (91,56%)
Total Ticket Income: 1 052 005 $
Other Income: 515 482 $
Total Income: 1 567 487 $

Nordiques

5 vs 5 Forward 
   Center                   Left Wing                Right Wing               Time % Phy DF OF 
 1 Sebastian Aho            Alexander Wennberg       Tyler Johnson            25     1   2  2  
 2 Brandon Dubinsky         Justin Abdelkader        Kirby Dach               25     1   2  2  
 3 Mathieu Perreault        David Backes             Cole Schneider           25     1   2  2  
 4 Joel L'Esperance         Joel Farabee             Hudson Fasching          25     1   2  2  

5 vs 5 Defense 
   Defense                  Defense                                           Time % Phy DF OF 
 1 Brent Seabrook           Travis Sanheim                                    37     1   2  2  
 2 Justin Holl              Shayne Gostisbehere                               33     1   2  2  
 3 Philippe Myers           Ryan Lindgren                                     30     1   2  2  
 4 Brent Seabrook           Travis Sanheim                                    0      1   2  2  

PowerPlay Forward 
   Center                   Left Wing                Right Wing               Time % Phy DF OF 
 1 Sebastian Aho            Alexander Wennberg       Tyler Johnson            50     1   2  2  
 2 Brandon Dubinsky         Justin Abdelkader        Kirby Dach               50     1   2  2  

PowerPlay Defense
   Defense                  Defense                                           Time % Phy DF OF 
 1 Brent Seabrook           Travis Sanheim                                    50     1   2  2  
 2 Justin Holl              Shayne Gostisbehere                               50     1   2  2  

Penalty Kill 4 Players Forward 
   Center                   Wing                     Time % Phy DF OF 
 1 Brandon Dubinsky         Justin Abdelkader        50     1   2  2  
 2 Sebastian Aho            Alexander Wennberg       50     1   2  2  

Penalty Kill 4 Players Defense
   Defense                  Defense                  Time % Phy DF OF 
 1 Philippe Myers           Ryan Lindgren            50     1   2  2  
 2 Justin Holl              Shayne Gostisbehere      50     1   2  2  

Penalty Kill - 3 Players Forward 
   Forward                                           Time % Phy DF OF 
 1 Brandon Dubinsky                                  50     1   2  2  
 2 Sebastian Aho                                     50     1   2  2  

Penalty Kill - 3 Players Defense
   Defense                  Defense                  Time % Phy DF OF 
 1 Philippe Myers           Ryan Lindgren            50     1   2  2  
 2 Justin Holl              Shayne Gostisbehere      50     1   2  2  

4 vs 4 Forward 
   Center                   Wing                     Time % Phy DF OF 
 1 Sebastian Aho            Alexander Wennberg       50     1   2  2  
 2 Tyler Johnson            Brandon Dubinsky         50     1   2  2  

4 vs 4 Defense
   Defense                  Defense                  Time % Phy DF OF 
 1 Brent Seabrook           Travis Sanheim           50     1   2  2  
 2 Justin Holl              Shayne Gostisbehere      50     1   2  2  

Last Minutes Offensive
   Center                   Left Wing                Right Wing               Defense                  Defense                  
   Sebastian Aho            Alexander Wennberg       Tyler Johnson            Brent Seabrook           Travis Sanheim           

Last Minutes Defensive
   Center                   Left Wing                Right Wing               Defense                  Defense                  
   Sebastian Aho            Alexander Wennberg       Tyler Johnson            Brent Seabrook           Travis Sanheim           

Goaltenders
Starting : Dan Vladar               
Backup : Craig Anderson           

Extra Forwards
Normal : Mathieu Perreault, David Backes, Cole Schneider - PP : Mathieu Perreault, David Backes - PK : Cole Schneider
Extra Defensemen
Normal : Philippe Myers, Ryan Lindgren, Justin Holl - PP : Philippe Myers - PK : Ryan Lindgren, Justin Holl
Penalty Shots
Sebastian Aho, Alexander Wennberg, Tyler Johnson, Brandon Dubinsky, Justin Holl
Custom OT Lines Forwards
Sebastian Aho, Alexander Wennberg, Tyler Johnson, Brandon Dubinsky, Justin Holl, Justin Abdelkader, Kirby Dach, Mathieu Perreault, David Backes, Cole Schneider
Custom OT Lines Defensemen
Brent Seabrook, Travis Sanheim, Justin Holl, Shayne Gostisbehere, Philippe Myers

Scratches
None

Canucks

5 vs 5 Forward 
   Center                   Left Wing                Right Wing               Time % Phy DF OF 
 1 Mika Zibanejad           Blake Wheeler            Alex Killorn             40     1   2  2  
 2 Ryan Getzlaf             Gustav Nyquist           Matt Calvert             30     1   2  2  
 3 Jason Dickinson          Dominik Kubalik          Alex Tuch                20     1   2  2  
 4 Jordan Martinook         Denis Gurianov           Pierre Engvall           10     1   2  2  

5 vs 5 Defense 
   Defense                  Defense                                           Time % Phy DF OF 
 1 Darnell Nurse            Erik Johnson                                      40     1   2  2  
 2 Charlie McAvoy           Erik Cernak                                       30     1   2  2  
 3 Quinn Hughes             Matt Grzelcyk                                     20     1   2  2  
 4 Darnell Nurse            Erik Johnson                                      10     1   2  2  

PowerPlay Forward 
   Center                   Left Wing                Right Wing               Time % Phy DF OF 
 1 Mika Zibanejad           Blake Wheeler            Alex Killorn             60     1   2  2  
 2 Ryan Getzlaf             Dominik Kubalik          Gustav Nyquist           40     1   2  2  

PowerPlay Defense
   Defense                  Defense                                           Time % Phy DF OF 
 1 Darnell Nurse            Erik Johnson                                      60     1   2  2  
 2 Charlie McAvoy           Erik Cernak                                       40     1   2  2  

Penalty Kill 4 Players Forward 
   Center                   Wing                     Time % Phy DF OF 
 1 Mika Zibanejad           Blake Wheeler            60     1   2  2  
 2 Alex Killorn             Matt Calvert             40     1   2  2  

Penalty Kill 4 Players Defense
   Defense                  Defense                  Time % Phy DF OF 
 1 Darnell Nurse            Erik Johnson             60     1   2  2  
 2 Charlie McAvoy           Erik Cernak              40     1   2  2  

Penalty Kill - 3 Players Forward 
   Forward                                           Time % Phy DF OF 
 1 Mika Zibanejad                                    60     1   2  2  
 2 Jason Dickinson                                   40     1   2  2  

Penalty Kill - 3 Players Defense
   Defense                  Defense                  Time % Phy DF OF 
 1 Darnell Nurse            Erik Johnson             60     1   2  2  
 2 Charlie McAvoy           Erik Cernak              40     1   2  2  

4 vs 4 Forward 
   Center                   Wing                     Time % Phy DF OF 
 1 Mika Zibanejad           Blake Wheeler            60     1   2  2  
 2 Jason Dickinson          Denis Gurianov           40     1   2  2  

4 vs 4 Defense
   Defense                  Defense                  Time % Phy DF OF 
 1 Darnell Nurse            Erik Johnson             60     1   2  2  
 2 Charlie McAvoy           Erik Cernak              40     1   2  2  

Last Minutes Offensive
   Center                   Left Wing                Right Wing               Defense                  Defense                  
   Mika Zibanejad           Blake Wheeler            Alex Killorn             Darnell Nurse            Erik Johnson             

Last Minutes Defensive
   Center                   Left Wing                Right Wing               Defense                  Defense                  
   Mika Zibanejad           Blake Wheeler            Alex Killorn             Darnell Nurse            Erik Johnson             

Goaltenders
Starting : Ben Bishop               
Backup : Chris Driedger           

Extra Forwards
Normal : Dominik Kubalik, Jason Dickinson, Alex Tuch - PP : Dominik Kubalik, Jason Dickinson - PK : Alex Tuch
Extra Defensemen
Normal : Quinn Hughes, Matt Grzelcyk, Charlie McAvoy - PP : Quinn Hughes - PK : Matt Grzelcyk, Charlie McAvoy
Penalty Shots
Mika Zibanejad, Blake Wheeler, Alex Killorn, Ryan Getzlaf, Gustav Nyquist
Custom OT Lines Forwards
Mika Zibanejad, Blake Wheeler, Alex Killorn, Ryan Getzlaf, Gustav Nyquist, Matt Calvert, Dominik Kubalik, Jason Dickinson, Alex Tuch, Denis Gurianov
Custom OT Lines Defensemen
Darnell Nurse, Erik Johnson, Charlie McAvoy, Erik Cernak, Quinn Hughes

Scratches
Oscar Klefbom (Healthy)

% Time on Ice - Nordiques

Lines # - Real PCT - Wanted PCT - Time Play
Normal Forward
1 - 26% - 25% - 13:48
2 - 24% - 25% - 12:44
3 - 25% - 25% - 13:26
4 - 25% - 25% - 13:10
Normal Defense
1 - 37% - 37% - 19:39
2 - 33% - 33% - 17:31
3 - 30% - 30% - 15:58
4 - 0% - 0% - 0:00
PP Forward
1 - 0% - 50%
2 - 0% - 50%
PP Defense
1 - 0% - 50%
2 - 0% - 50%
PK Forward
1 - 52% - 50% - 3:17
2 - 48% - 50% - 2:59
PK Defense
1 - 49% - 50% - 3:06
2 - 51% - 50% - 3:10
PK3 Forward
1 - 0% - 50%
2 - 0% - 50%
PK3 Defense
1 - 0% - 50%
2 - 0% - 50%
44 Forward
1 - 0% - 50%
2 - 0% - 50%
44 Defense
1 - 0% - 50%
2 - 0% - 50%
Last Minute Offensive  - 0:00
Last Minute Defensive  - 0:36
Total
Forward - 60:00
Defense - 60:00

% Time on Ice - Canucks

Lines # - Real PCT - Wanted PCT - Time Play
Normal Forward
1 - 38% - 40% - 20:04
2 - 26% - 30% - 14:04
3 - 21% - 20% - 11:16
4 - 14% - 10% - 7:41
Normal Defense
1 - 40% - 40% - 21:01
2 - 30% - 30% - 16:06
3 - 23% - 20% - 12:27
4 - 7% - 10% - 3:31
PP Forward
1 - 60% - 60% - 3:47
2 - 40% - 40% - 2:29
PP Defense
1 - 59% - 60% - 3:42
2 - 41% - 40% - 2:34
PK Forward
1 - 0% - 60%
2 - 0% - 40%
PK Defense
1 - 0% - 60%
2 - 0% - 40%
PK3 Forward
1 - 0% - 60%
2 - 0% - 40%
PK3 Defense
1 - 0% - 60%
2 - 0% - 40%
44 Forward
1 - 0% - 60%
2 - 0% - 40%
44 Defense
1 - 0% - 60%
2 - 0% - 40%
Last Minute Offensive  - 0:39
Last Minute Defensive  - 0:00
Total
Forward - 60:00
Defense - 60:00

Play-by-Play

1st period


0:01 of 1st period - Mika Zibanejad wins face-off versus Sebastian Aho in neutral zone.
2:02 of 1st period - Slapshot by Quinn Hughes.
2:02 of 1st period - Stopped by Dan Vladar with a rebound.
3:18 of 1st period - Double Minor Penalty to David Backes for Roughing.
3:19 of 1st period - Mika Zibanejad wins face-off versus Brandon Dubinsky in Nordiques zone.
3:28 of 1st period - Snap shot by Mika Zibanejad.
3:28 of 1st period - Shot Blocked by Justin Holl.
3:30 of 1st period - Slapshot by Darnell Nurse.
3:30 of 1st period - Shot Misses the Net.
3:32 of 1st period - Slapshot by Darnell Nurse.
3:32 of 1st period - Shot Misses the Net.
3:34 of 1st period - Snap shot by Darnell Nurse.
3:34 of 1st period - Shot Blocked by Shayne Gostisbehere.
3:36 of 1st period - Slapshot by Darnell Nurse.
3:36 of 1st period - Deflect By Shayne Gostisbehere.
3:36 of 1st period - Stopped by Dan Vladar with a rebound.
5:13 of 1st period - Brandon Dubinsky is hit by Erik Cernak and loses puck.
5:22 of 1st period - Wrist shot by Denis Gurianov.
5:22 of 1st period - Stopped by Dan Vladar with a rebound.
5:24 of 1st period - Slapshot by Erik Johnson.
5:24 of 1st period - Shot Blocked by Justin Holl.
5:26 of 1st period - Snap shot by Jason Dickinson.
5:26 of 1st period - Shot Misses the Net.
5:48 of 1st period - Alexander Wennberg is hit by Darnell Nurse.
7:18 of 1st period - Penalty to David Backes is over, David Backes is back on ice.
8:28 of 1st period - Sebastian Aho is hit by Denis Gurianov and loses puck.
8:43 of 1st period - Jason Dickinson is hit by David Backes and loses puck.
9:02 of 1st period - Ryan Getzlaf is hit by Brandon Dubinsky.
9:20 of 1st period - Darnell Nurse is hit by Justin Holl and loses puck.
10:18 of 1st period - Brandon Dubinsky is hit by Mika Zibanejad.
10:28 of 1st period - Shayne Gostisbehere is hit by Erik Cernak and loses puck.
11:11 of 1st period - Icing by Darnell Nurse.
11:12 of 1st period - Joel L'Esperance wins face-off versus Mika Zibanejad in Canucks zone.
11:19 of 1st period - Snap shot by Joel Farabee.
11:19 of 1st period - Shot Misses the Net.
11:21 of 1st period - Snap shot by Joel Farabee.
11:21 of 1st period - Shot Misses the Net.
11:23 of 1st period - Snap shot by Hudson Fasching.
11:23 of 1st period - Shot Blocked by Erik Cernak.
11:25 of 1st period - Wrist shot by Hudson Fasching.
11:25 of 1st period - Goal by Hudson Fasching - Nordiques : 1 - Canucks : 0.
11:26 of 1st period - Mika Zibanejad wins face-off versus Brandon Dubinsky in neutral zone.
11:56 of 1st period - Snap shot by Kirby Dach.
11:56 of 1st period - Shot Misses the Net.
12:14 of 1st period - Snap shot by Mika Zibanejad.
12:14 of 1st period - Stopped by Dan Vladar with a rebound.
12:34 of 1st period - Snap shot by Blake Wheeler.
12:34 of 1st period - Stopped by Dan Vladar without a rebound.
12:35 of 1st period - Ryan Getzlaf wins face-off versus Mathieu Perreault in Nordiques zone.
12:48 of 1st period - Cole Schneider is hit by Matt Calvert and loses puck.
12:55 of 1st period - Gustav Nyquist is hit by Travis Sanheim and loses puck.
13:06 of 1st period - Snap shot by Joel Farabee.
13:06 of 1st period - Deflect By Joel L'Esperance.
13:06 of 1st period - Stopped by Ben Bishop with a rebound.
13:08 of 1st period - Slapshot by Brent Seabrook.
13:08 of 1st period - Shot Blocked by Matt Calvert.
13:14 of 1st period - Snap shot by Joel Farabee.
13:14 of 1st period - Deflect By Ryan Getzlaf.
13:14 of 1st period - Stopped by Ben Bishop without a rebound.
13:15 of 1st period - Sebastian Aho wins face-off versus Jason Dickinson in Canucks zone.
13:29 of 1st period - Backhand shot by Philippe Myers.
13:29 of 1st period - Stopped by Ben Bishop without a rebound.
13:30 of 1st period - Mathieu Perreault wins face-off versus Dominik Kubalik in Canucks zone.
13:31 of 1st period - Slapshot by Cole Schneider.
13:31 of 1st period - Shot Misses the Net.
13:51 of 1st period - Minor Penalty to David Backes for Hooking.
13:52 of 1st period - Brandon Dubinsky wins face-off versus Mika Zibanejad in Nordiques zone.
14:19 of 1st period - Erik Johnson is hit by Ryan Lindgren and loses puck.
15:51 of 1st period - Penalty to David Backes is over, David Backes is back on ice.
15:57 of 1st period - Snap shot by Denis Gurianov.
15:57 of 1st period - Stopped by Dan Vladar with a rebound.
16:48 of 1st period - Wrist shot by Joel Farabee.
16:48 of 1st period - Shot Blocked by Charlie McAvoy.
17:26 of 1st period - Snap shot by Dominik Kubalik.
17:26 of 1st period - Stopped by Dan Vladar without a rebound.
17:27 of 1st period - Jason Dickinson wins face-off versus Sebastian Aho in Nordiques zone.
17:48 of 1st period - Pierre Engvall is hit by Brent Seabrook.
17:52 of 1st period - Wrist shot by Joel Farabee.
17:52 of 1st period - Stopped by Ben Bishop with a rebound.
17:56 of 1st period - Wrist shot by Joel Farabee.
17:56 of 1st period - Shot Misses the Net.
18:38 of 1st period - Icing by Erik Johnson.
18:39 of 1st period - Sebastian Aho wins face-off versus Ryan Getzlaf in Canucks zone.
18:50 of 1st period - Shayne Gostisbehere is hit by Erik Johnson.
19:04 of 1st period - Wrist shot by Mika Zibanejad.
19:04 of 1st period - Stopped by Dan Vladar without a rebound.
19:05 of 1st period - Blake Wheeler wins face-off versus Joel L'Esperance in Nordiques zone.
19:22 of 1st period - Slapshot by Mika Zibanejad.
19:22 of 1st period - Stopped by Dan Vladar with a rebound.
19:38 of 1st period - Alexander Wennberg is hit by Erik Cernak and loses puck.
19:51 of 1st period - Snap shot by Alex Tuch.
19:51 of 1st period - Stopped by Dan Vladar without a rebound.
19:52 of 1st period - Jason Dickinson wins face-off versus Brandon Dubinsky in Nordiques zone.
19:53 of 1st period - Slapshot by Dominik Kubalik.
19:53 of 1st period - Stopped by Dan Vladar without a rebound.
19:54 of 1st period - Brandon Dubinsky wins face-off versus Jason Dickinson in Nordiques zone.
Goals for this period are 1 for Nordiques vs 0 for Canucks.
Shots for this period are 5 for Nordiques vs 11 for Canucks.

2nd period


0:01 of 2nd period - Mika Zibanejad wins face-off versus Sebastian Aho in neutral zone.
0:39 of 2nd period - Off-side.
0:40 of 2nd period - Mathieu Perreault wins face-off versus Mika Zibanejad in neutral zone.
1:06 of 2nd period - Matt Calvert is hit by Justin Holl and loses puck.
2:04 of 2nd period - Alexander Wennberg is hit by Darnell Nurse and loses puck.
2:24 of 2nd period - Snap shot by Tyler Johnson.
2:24 of 2nd period - Stopped by Ben Bishop without a rebound.
2:25 of 2nd period - Mathieu Perreault wins face-off versus Alex Tuch in Canucks zone.
2:26 of 2nd period - Snap shot by Cole Schneider.
2:26 of 2nd period - Stopped by Ben Bishop with a rebound.
2:28 of 2nd period - Wrist shot by Cole Schneider.
2:28 of 2nd period - Stopped by Ben Bishop without a rebound.
2:29 of 2nd period - Jason Dickinson wins face-off versus Mathieu Perreault in Canucks zone.
2:56 of 2nd period - Slapshot by Kirby Dach.
2:56 of 2nd period - Stopped by Ben Bishop without a rebound.
2:57 of 2nd period - Brandon Dubinsky wins face-off versus Mika Zibanejad in Canucks zone.
3:00 of 2nd period - Snap shot by Kirby Dach.
3:00 of 2nd period - Stopped by Ben Bishop with a rebound.
3:02 of 2nd period - Slapshot by Ryan Lindgren.
3:02 of 2nd period - Shot Misses the Net.
3:26 of 2nd period - Snap shot by Blake Wheeler.
3:26 of 2nd period - Shot Blocked by Philippe Myers.
3:28 of 2nd period - Slapshot by Darnell Nurse.
3:28 of 2nd period - Stopped by Dan Vladar without a rebound.
3:29 of 2nd period - Joel L'Esperance wins face-off versus Matt Calvert in Nordiques zone.
5:46 of 2nd period - Kirby Dach is hit by Charlie McAvoy and loses puck.
6:05 of 2nd period - Pierre Engvall is hit by Alexander Wennberg and loses puck.
6:24 of 2nd period - Snap shot by Gustav Nyquist.
6:24 of 2nd period - Stopped by Dan Vladar with a rebound.
6:26 of 2nd period - Wrist shot by Matt Calvert.
6:26 of 2nd period - Shot Misses the Net.
6:28 of 2nd period - Snap shot by Gustav Nyquist.
6:28 of 2nd period - Stopped by Dan Vladar without a rebound.
6:29 of 2nd period - Mika Zibanejad wins face-off versus Mathieu Perreault in Nordiques zone.
6:55 of 2nd period - Minor Penalty to Joel Farabee for Tripping.
6:56 of 2nd period - Brandon Dubinsky wins face-off versus Blake Wheeler in Nordiques zone.
7:09 of 2nd period - Slapshot by Blake Wheeler.
7:09 of 2nd period - Stopped by Dan Vladar with a rebound.
7:11 of 2nd period - Snap shot by Blake Wheeler.
7:11 of 2nd period - Stopped by Dan Vladar with a rebound.
7:13 of 2nd period - Wrist shot by Blake Wheeler.
7:13 of 2nd period - Goal by Blake Wheeler - Nordiques : 1 - Canucks : 1.
7:14 of 2nd period - Mathieu Perreault wins face-off versus Mika Zibanejad in neutral zone.
7:40 of 2nd period - Ryan Getzlaf is hit by Joel L'Esperance and loses puck.
8:27 of 2nd period - Snap shot by Alexander Wennberg.
8:27 of 2nd period - Shot Blocked by Mika Zibanejad.
9:08 of 2nd period - Slapshot by Philippe Myers.
9:08 of 2nd period - Shot Misses the Net.
9:10 of 2nd period - Slapshot by Ryan Lindgren.
9:10 of 2nd period - Shot Blocked by Charlie McAvoy.
9:12 of 2nd period - Slapshot by Ryan Lindgren.
9:12 of 2nd period - Shot Blocked by Charlie McAvoy.
9:14 of 2nd period - Snap shot by Joel L'Esperance.
9:14 of 2nd period - Shot Blocked by Charlie McAvoy.
9:40 of 2nd period - Wrist shot by Gustav Nyquist.
9:40 of 2nd period - Shot Hit the Post.
9:58 of 2nd period - Backhand shot by Blake Wheeler.
9:58 of 2nd period - Stopped by Dan Vladar with a rebound.
10:47 of 2nd period - Snap shot by Denis Gurianov.
10:47 of 2nd period - Stopped by Dan Vladar with a rebound.
10:49 of 2nd period - Snap shot by Matt Grzelcyk.
10:49 of 2nd period - Shot Blocked by Shayne Gostisbehere.
11:19 of 2nd period - Icing by Mathieu Perreault.
11:20 of 2nd period - Ryan Getzlaf wins face-off versus Mathieu Perreault in Nordiques zone.
11:35 of 2nd period - Blake Wheeler is hit by Cole Schneider and loses puck.
12:11 of 2nd period - Darnell Nurse is hit by Justin Holl and loses puck.
12:20 of 2nd period - Hudson Fasching is hit by Jason Dickinson and loses puck.
12:37 of 2nd period - Wrist shot by Quinn Hughes.
12:37 of 2nd period - Stopped by Dan Vladar with a rebound.
12:43 of 2nd period - Brent Seabrook is hit by Denis Gurianov and loses puck.
12:58 of 2nd period - Snap shot by Mika Zibanejad.
12:58 of 2nd period - Shot Misses the Net.
13:02 of 2nd period - Slapshot by Blake Wheeler.
13:02 of 2nd period - Stopped by Dan Vladar without a rebound.
13:03 of 2nd period - Ryan Getzlaf wins face-off versus Brandon Dubinsky in Nordiques zone.
13:04 of 2nd period - Slapshot by Gustav Nyquist.
13:04 of 2nd period - Deflect By Kirby Dach.
13:04 of 2nd period - Stopped by Dan Vladar with a rebound.
13:07 of 2nd period - Justin Abdelkader beats up Ryan Getzlaf.
13:07 of 2nd period - Penalty to Ryan Getzlaf for Fighting.
13:07 of 2nd period - Penalty to Justin Abdelkader for Fighting.
13:08 of 2nd period - Brandon Dubinsky wins face-off versus Mika Zibanejad in Nordiques zone.
13:08 of 2nd period - Brandon Dubinsky is hit by Mika Zibanejad.
13:34 of 2nd period - Justin Holl is hit by Gustav Nyquist and loses puck.
13:55 of 2nd period - Snap shot by Shayne Gostisbehere.
13:55 of 2nd period - Deflect By Joel L'Esperance.
13:55 of 2nd period - Shot Misses the Net.
13:55 of 2nd period - Puck is out of play.
13:56 of 2nd period - Mika Zibanejad wins face-off versus Mathieu Perreault in Canucks zone.
14:41 of 2nd period - Wrist shot by Alex Tuch.
14:41 of 2nd period - Shot Misses the Net.
14:43 of 2nd period - Snap shot by Alex Tuch.
14:43 of 2nd period - Shot Blocked by Brent Seabrook.
14:45 of 2nd period - Slapshot by Charlie McAvoy.
14:45 of 2nd period - Shot Blocked by Brent Seabrook.
14:47 of 2nd period - Wrist shot by Jason Dickinson.
14:47 of 2nd period - Stopped by Dan Vladar with a rebound.
14:49 of 2nd period - Wrist shot by Alex Tuch.
14:49 of 2nd period - Stopped by Dan Vladar without a rebound.
14:50 of 2nd period - Sebastian Aho wins face-off versus Mika Zibanejad in Nordiques zone.
14:55 of 2nd period - Mika Zibanejad is hit by Alexander Wennberg and loses puck.
15:51 of 2nd period - Slapshot by Joel L'Esperance.
15:51 of 2nd period - Shot Misses the Net.
16:57 of 2nd period - Slapshot by Pierre Engvall.
16:57 of 2nd period - Stopped by Dan Vladar with a rebound.
17:58 of 2nd period - Alex Killorn is hit by Joel Farabee and loses puck.
18:39 of 2nd period - Slapshot by Kirby Dach.
18:39 of 2nd period - Deflect By Justin Abdelkader.
18:39 of 2nd period - Shot Misses the Net.
18:39 of 2nd period - Puck is out of play.
18:40 of 2nd period - Mika Zibanejad wins face-off versus Mathieu Perreault in Canucks zone.
18:47 of 2nd period - Mathieu Perreault is hit by Mika Zibanejad and loses puck.
18:53 of 2nd period - Icing by Cole Schneider.
18:54 of 2nd period - Mika Zibanejad wins face-off versus Mathieu Perreault in Nordiques zone.
19:16 of 2nd period - Wrist shot by David Backes.
19:16 of 2nd period - Stopped by Ben Bishop without a rebound.
19:17 of 2nd period - Ryan Getzlaf wins face-off versus Sebastian Aho in Canucks zone.
19:17 of 2nd period - Ryan Getzlaf is hit by Sebastian Aho.
19:29 of 2nd period - Wrist shot by Ryan Getzlaf.
19:29 of 2nd period - Stopped by Dan Vladar without a rebound.
19:30 of 2nd period - Mika Zibanejad wins face-off versus Joel L'Esperance in Nordiques zone.
Goals for this period are 0 for Nordiques vs 1 for Canucks.
Shots for this period are 6 for Nordiques vs 15 for Canucks.

3rd period


0:01 of 3rd period - Mika Zibanejad wins face-off versus Sebastian Aho in neutral zone.
0:12 of 3rd period - Slapshot by Mika Zibanejad.
0:12 of 3rd period - Stopped by Dan Vladar with a rebound.
0:54 of 3rd period - Snap shot by Dominik Kubalik.
0:54 of 3rd period - Stopped by Dan Vladar with a rebound.
2:03 of 3rd period - Off-side.
2:04 of 3rd period - Joel L'Esperance wins face-off versus Ryan Getzlaf in neutral zone.
2:07 of 3rd period - Slapshot by Travis Sanheim.
2:07 of 3rd period - Stopped by Ben Bishop with a rebound.
2:09 of 3rd period - Snap shot by Joel Farabee.
2:09 of 3rd period - Stopped by Ben Bishop without a rebound.
2:10 of 3rd period - Joel L'Esperance wins face-off versus Gustav Nyquist in Canucks zone.
2:11 of 3rd period - Wrist shot by Joel Farabee.
2:11 of 3rd period - Shot Misses the Net.
2:13 of 3rd period - Backhand shot by Hudson Fasching.
2:13 of 3rd period - Stopped by Ben Bishop with a rebound.
2:15 of 3rd period - Snap shot by Joel L'Esperance.
2:15 of 3rd period - Deflect By Hudson Fasching.
2:15 of 3rd period - Shot Blocked by Matt Grzelcyk.
2:15 of 3rd period - Puck is out of play.
2:16 of 3rd period - Mathieu Perreault wins face-off versus Mika Zibanejad in Canucks zone.
2:50 of 3rd period - Snap shot by Dominik Kubalik.
2:50 of 3rd period - Deflect By Alex Tuch.
2:50 of 3rd period - Stopped by Dan Vladar without a rebound.
2:51 of 3rd period - Sebastian Aho wins face-off versus Ryan Getzlaf in Nordiques zone.
3:04 of 3rd period - Wrist shot by Sebastian Aho.
3:04 of 3rd period - Stopped by Ben Bishop with a rebound.
3:28 of 3rd period - Snap shot by Mika Zibanejad.
3:28 of 3rd period - Shot Misses the Net.
3:40 of 3rd period - Backhand shot by Joel Farabee.
3:40 of 3rd period - Stopped by Ben Bishop without a rebound.
3:41 of 3rd period - Jason Dickinson wins face-off versus Joel L'Esperance in Canucks zone.
4:13 of 3rd period - Icing by Travis Sanheim.
4:14 of 3rd period - Mika Zibanejad wins face-off versus Sebastian Aho in Nordiques zone.
4:41 of 3rd period - Slapshot by Alexander Wennberg.
4:41 of 3rd period - Shot Misses the Net.
6:08 of 3rd period - Snap shot by Alexander Wennberg.
6:08 of 3rd period - Deflect By Sebastian Aho.
6:08 of 3rd period - Shot Blocked by Erik Cernak.
6:08 of 3rd period - Puck is out of play.
6:09 of 3rd period - Brandon Dubinsky wins face-off versus Ryan Getzlaf in Canucks zone.
6:12 of 3rd period - Snap shot by Justin Abdelkader.
6:12 of 3rd period - Shot Misses the Net.
6:14 of 3rd period - Slapshot by Ryan Lindgren.
6:14 of 3rd period - Deflect By Ryan Getzlaf.
6:14 of 3rd period - Stopped by Ben Bishop without a rebound.
6:15 of 3rd period - Justin Abdelkader wins face-off versus Ryan Getzlaf in Canucks zone.
7:00 of 3rd period - Wrist shot by Joel Farabee.
7:00 of 3rd period - Shot Misses the Net.
7:02 of 3rd period - Slapshot by Philippe Myers.
7:02 of 3rd period - Stopped by Ben Bishop without a rebound.
7:03 of 3rd period - Pierre Engvall wins face-off versus Joel Farabee in Canucks zone.
7:08 of 3rd period - Wrist shot by Joel Farabee.
7:08 of 3rd period - Deflect By Quinn Hughes.
7:08 of 3rd period - Shot Misses the Net.
7:08 of 3rd period - Puck is out of play.
7:09 of 3rd period - Ryan Getzlaf wins face-off versus Joel L'Esperance in Canucks zone.
7:18 of 3rd period - Snap shot by Ryan Getzlaf.
7:18 of 3rd period - Shot Blocked by Justin Holl.
7:38 of 3rd period - Wrist shot by Brandon Dubinsky.
7:38 of 3rd period - Shot Misses the Net.
7:40 of 3rd period - Wrist shot by Justin Abdelkader.
7:40 of 3rd period - Shot Blocked by Darnell Nurse.
7:42 of 3rd period - Snap shot by Brandon Dubinsky.
7:42 of 3rd period - Shot Misses the Net.
7:44 of 3rd period - Snap shot by Brandon Dubinsky.
7:44 of 3rd period - Goal by Brandon Dubinsky - Nordiques : 2 - Canucks : 1.
7:45 of 3rd period - Mika Zibanejad wins face-off versus Mathieu Perreault in neutral zone.
8:19 of 3rd period - Joel Farabee is hit by Gustav Nyquist and loses puck.
8:51 of 3rd period - Snap shot by Mathieu Perreault.
8:51 of 3rd period - Shot Misses the Net.
8:53 of 3rd period - Slapshot by Brent Seabrook.
8:53 of 3rd period - Stopped by Ben Bishop with a rebound.
8:55 of 3rd period - Slapshot by Travis Sanheim.
8:55 of 3rd period - Shot Misses the Net.
9:11 of 3rd period - Mika Zibanejad is hit by Sebastian Aho and loses puck.
9:24 of 3rd period - Travis Sanheim is hit by Alex Killorn and loses puck.
9:45 of 3rd period - Snap shot by Joel L'Esperance.
9:45 of 3rd period - Stopped by Ben Bishop without a rebound.
9:46 of 3rd period - Brandon Dubinsky wins face-off versus Mika Zibanejad in Canucks zone.
11:14 of 3rd period - Ryan Lindgren is hit by Matt Grzelcyk and loses puck.
11:37 of 3rd period - Snap shot by Joel L'Esperance.
11:37 of 3rd period - Stopped by Ben Bishop with a rebound.
11:39 of 3rd period - Snap shot by Hudson Fasching.
11:39 of 3rd period - Stopped by Ben Bishop without a rebound.
11:40 of 3rd period - Mika Zibanejad wins face-off versus Joel L'Esperance in Canucks zone.
11:59 of 3rd period - Snap shot by Joel Farabee.
11:59 of 3rd period - Stopped by Ben Bishop with a rebound.
13:09 of 3rd period - Jordan Martinook is hit by Hudson Fasching and loses puck.
13:22 of 3rd period - Wrist shot by Denis Gurianov.
13:22 of 3rd period - Stopped by Dan Vladar without a rebound.
13:23 of 3rd period - Sebastian Aho wins face-off versus Mika Zibanejad in Nordiques zone.
13:36 of 3rd period - Wrist shot by Sebastian Aho.
13:36 of 3rd period - Stopped by Ben Bishop without a rebound.
13:37 of 3rd period - Ryan Getzlaf wins face-off versus Mathieu Perreault in Canucks zone.
13:42 of 3rd period - Slapshot by Darnell Nurse.
13:42 of 3rd period - Deflect By Gustav Nyquist.
13:42 of 3rd period - Shot Misses the Net.
13:42 of 3rd period - Puck is out of play.
13:43 of 3rd period - Mathieu Perreault wins face-off versus Ryan Getzlaf in Nordiques zone.
13:51 of 3rd period - Icing by David Backes.
13:52 of 3rd period - Mathieu Perreault wins face-off versus Mika Zibanejad in Nordiques zone.
13:52 of 3rd period - Mathieu Perreault is hit by Erik Johnson.
13:55 of 3rd period - Icing by Cole Schneider.
13:56 of 3rd period - Mika Zibanejad wins face-off versus Mathieu Perreault in Nordiques zone.
13:57 of 3rd period - Wrist shot by Blake Wheeler.
13:57 of 3rd period - Shot Misses the Net.
14:03 of 3rd period - Snap shot by Mathieu Perreault.
14:03 of 3rd period - Shot Misses the Net.
14:05 of 3rd period - Wrist shot by Mathieu Perreault.
14:05 of 3rd period - Deflect By Cole Schneider.
14:05 of 3rd period - Shot Misses the Net.
14:05 of 3rd period - Puck is out of play.
14:06 of 3rd period - Joel L'Esperance wins face-off versus Mika Zibanejad in Canucks zone.
14:54 of 3rd period - Erik Cernak is hit by Cole Schneider and loses puck.
15:03 of 3rd period - Wrist shot by Cole Schneider.
15:03 of 3rd period - Stopped by Ben Bishop with a rebound.
15:05 of 3rd period - Slapshot by Cole Schneider.
15:05 of 3rd period - Shot Misses the Net.
15:21 of 3rd period - Backhand shot by Denis Gurianov.
15:21 of 3rd period - Shot Misses the Net.
15:37 of 3rd period - Wrist shot by Mika Zibanejad.
15:37 of 3rd period - Stopped by Dan Vladar with a rebound.
16:39 of 3rd period - Off-side.
16:40 of 3rd period - Mika Zibanejad wins face-off versus Sebastian Aho in neutral zone.
16:43 of 3rd period - Wrist shot by Blake Wheeler.
16:43 of 3rd period - Shot Blocked by Brent Seabrook.
16:45 of 3rd period - Snap shot by Alex Killorn.
16:45 of 3rd period - Shot Misses the Net.
16:47 of 3rd period - Snap shot by Blake Wheeler.
16:47 of 3rd period - Deflect By Mika Zibanejad.
16:47 of 3rd period - Shot Blocked by Travis Sanheim.
16:47 of 3rd period - Puck is out of play.
16:48 of 3rd period - Dominik Kubalik wins face-off versus Joel L'Esperance in Nordiques zone.
16:51 of 3rd period - Snap shot by Alex Tuch.
16:51 of 3rd period - Shot Misses the Net.
16:53 of 3rd period - Snap shot by Jason Dickinson.
16:53 of 3rd period - Shot Blocked by Brent Seabrook.
16:55 of 3rd period - Slapshot by Erik Johnson.
16:55 of 3rd period - Deflect By Hudson Fasching.
16:55 of 3rd period - Stopped by Dan Vladar with a rebound.
17:09 of 3rd period - Hudson Fasching is hit by Dominik Kubalik.
17:16 of 3rd period - Icing by Darnell Nurse.
17:17 of 3rd period - Mathieu Perreault wins face-off versus Jason Dickinson in Canucks zone.
17:46 of 3rd period - Alexander Wennberg is hit by Darnell Nurse and loses puck.
18:53 of 3rd period - Snap shot by Sebastian Aho.
18:53 of 3rd period - Shot Misses the Net.
18:59 of 3rd period - Backhand shot by Mika Zibanejad.
18:59 of 3rd period - Shot Misses the Net.
19:01 of 3rd period - Canucks, Ben Bishop is pulled from the net.
19:01 of 3rd period - Wrist shot by Alex Killorn.
19:01 of 3rd period - Shot Misses the Net.
19:03 of 3rd period - Wrist shot by Alex Killorn.
19:03 of 3rd period - Shot Blocked by Brent Seabrook.
19:05 of 3rd period - Wrist shot by Alex Killorn.
19:05 of 3rd period - Stopped by Dan Vladar with a rebound.
19:23 of 3rd period - Wrist shot by Mika Zibanejad.
19:23 of 3rd period - Shot Blocked by Sebastian Aho.
19:25 of 3rd period - Snap shot by Alex Killorn.
19:25 of 3rd period - Goal by Alex Killorn - Nordiques : 2 - Canucks : 2.
19:25 of 3rd period - Ben Bishop from Canucks was sent back in the game.
19:26 of 3rd period - Mika Zibanejad wins face-off versus Joel L'Esperance in neutral zone.
Goals for this period are 1 for Nordiques vs 1 for Canucks.
Shots for this period are 15 for Nordiques vs 8 for Canucks.

Overtime #1


0:01 of 1st overtime period - Sebastian Aho wins face-off versus Mika Zibanejad in neutral zone.
0:48 of 1st overtime period - Wrist shot by Brandon Dubinsky.
0:48 of 1st overtime period - Goal by Brandon Dubinsky - Nordiques : 3 - Canucks : 2.
Goals for this period are 1 for Nordiques vs 0 for Canucks.
Shots for this period are 1 for Nordiques vs 0 for Canucks.